 Dungeon Crawl Stone Soup version 0.23.2-1-ga50397a (webtiles) character file.

Game seed: 8140788982606695031

125 whitewolfNL the Cudgeler (level 4, -4/41 HPs)
             Began as a Minotaur Berserker on May 25, 2019.
             Was a Believer of Trog.
             Slain by Grinder (10 damage)
             ... on level 3 of the Dungeon.
             The game lasted 00:04:35 (2305 turns).

whitewolfNL the Cudgeler (Minotaur Berserker)       Turns: 2305, Time: 00:04:36

Health: -4/41      AC:  2    Str: 21    XL:     4   Next: 82%
Magic:  3/3        EV: 13    Int:  4    God:    Trog [**....]
Gold:   114        SH:  0    Dex: 11    Spells: 3/3 levels left

rFire    . . .     SeeInvis .   a - +0 mace
rCold    . . .     Gourm    .   (no shield)
rNeg     . . .     Faith    .   b - +0 animal skin
rPois    .         Spirit   .   (helmet restricted)
rElec    .         Reflect  .   (no cloak)
rCorr    .         Harm     .   (no gloves)
MR       .....                  (no boots)
Stlth    +.........             (no amulet)
HPRegen  0.13/turn              (no ring)
MPRegen  0.08/turn              (no ring)

@: berserk cooldown, slowed, very slow
A: retaliatory headbutt, horns 2
a: Berserk, Trog's Hand, Renounce Religion


You were on level 3 of the Dungeon.
You worshipped Trog.
Trog was pleased with you.
You were hungry.

You visited 1 branch of the dungeon, and saw 3 of its levels.

You collected 114 gold pieces.

Inventory:

Hand Weapons
 a - a +0 mace (weapon)
 l - a +0 hunting sling
Missiles
 n - 36 sling bullets
 s - 30 stones (quivered)
 w - 13 tomahawks
Armour
 b - a +0 animal skin (worn)
 o - a +0 shield
Wands
 v - a wand of random effects (16)
Scrolls
 d - a scroll of blinking {unknown}
 e - 3 scrolls of identify {unknown}
 h - a scroll of enchant armour {unknown}
 k - 3 scrolls of remove curse {unknown}
 u - a scroll of random uselessness {unknown}
Potions
 f - a potion of heal wounds {unknown}
 g - 2 potions of might {unknown}
 i - a potion of ambrosia {unknown}
 j - a potion of curing {unknown}
 m - a potion of degeneration {unknown}
 q - a potion of agility {unknown}
 r - a potion of brilliance {unknown}
 t - a potion of haste {unknown}
Comestibles
 c - 3 rations


   Skills:
 + Level 4.4 Fighting
 * Level 4.8 Maces & Flails
 + Level 1.4 Throwing
 + Level 3.3 Armour
 + Level 2.9 Dodging
 + Level 0.4 Shields
 + Level 0.1 Evocations


You had 3 spell levels left.
You didn't know any spells.
Your spell library was empty.

Dungeon Overview and Level Annotations

Branches:
Dungeon (3/15)

Altars:
Ashenzari

Annotations:
D:3 Grinder


Innate Abilities, Weirdness & Mutations

You reflexively headbutt those who attack you in melee.
You have a pair of horns on your head.


Message History

You feel your anger nearly subside.
You see here a tomahawk.
You are no longer berserk.
You are exhausted.
You feel yourself slow down.
Grinder blinks!
The bat hits you but does no damage. Grinder gestures at you.
You resist with significant effort.
You hit the bat.
You kill the bat!
Trog accepts your kill. Grinder gestures at you. Pain shoots through your body!
* * * LOW HITPOINT WARNING * * *
Unknown command.
You hit Grinder.
Grinder is moderately wounded.
Grinder barely misses you. You furiously retaliate!
You headbutt Grinder, but do no damage. Grinder hits you!
You die...

#........## #
##.####### # #..# #
#.## # ## ##.# # #.
#..#
..####.####.######.
#(.(...............
.....##.@(#######..
### #.5### ....##
...... ...#.## .#
#. . #.


You could see Grinder.

Vanquished Creatures
  A howler monkey (D:2)
  A gnoll (D:1)
  2 adders (D:2)
  An ooze (D:1)
  3 worms (D:2)
  A dart slug (D:1)
  2 leopard geckos
  A giant cockroach (D:1)
  5 goblins (D:2)
  6 hobgoblins
  2 quokkas (D:2)
  6 bats
  2 frilled lizards
  5 kobolds
  8 rats
46 creatures vanquished.

Notes
Turn   | Place    | Note
-------+----------+-------------------------------------------
     0 | D:1      | whitewolfNL the Minotaur Berserker began the quest for the
                  | Orb.
     0 | D:1      | Reached XP level 1. HP: 19/19 MP: 0/0
    74 | D:1      | Reached XP level 2. HP: 10/27 MP: 1/1
   411 | D:1      | Reached XP level 3. HP: 31/33 MP: 2/2
   759 | D:2      | Reached skill level 1 in Throwing
   759 | D:2      | Reached XP level 4. HP: 32/40 MP: 3/3
   854 | D:2      | Reached ** piety under Trog
  1106 | D:2      | Found a shattered altar of Ashenzari.
  2273 | D:3      | Noticed Grinder
  2292 | D:3      | Paralysed by Grinder for 4 turns
  2305 | D:3      | Slain by Grinder

Skill      XL: |  1  2  3 |
---------------+----------+-----
Maces & Flails | 4 |  4.8
Fighting       | 4 |  4.4
Throwing       | 1 |  1.4
Armour         | 3 |  3.3
Dodging        | |  2.9
Shields        | |  0.4
Evocations     | |  0.1

Action                   |  1- 3 |  4- 6 || total
-------------------------+-------+-------++-------
Melee: Mace              |    44 |    45 ||    89
       Headbutt          |     4 |    11 ||    15
Invok: Berserk           |       |     2 ||     2
 Stab: Sleeping          |       |     1 ||     1
  Eat: Chunk             |       |     5 ||     5
Armor: Animal skin       |     7 |     6 ||    13
Dodge: Dodged            |    26 |    30 ||    56
